 Dungeon Crawl Stone Soup version 0.28-a0-664-gc179e30c89 (webtiles) character file.

Game seed: 5618060363626805387

945 Johnny the Carver (level 8, -2/58 HPs)
             Began as a Human Berserker on Oct 15, 2021.
             Was a Believer of Trog.
             Slain by a troll (7 damage)
             ... on level 5 of the Dungeon.
             The game lasted 00:04:03 (5387 turns).

Johnny the Carver (Human Berserker)                 Turns: 5387, Time: 00:04:03

Health: -2/58      AC:  6    Str: 19    XL:     8   Next: 35%
Magic:  8/8        EV: 11    Int:  8    God:    Trog [**....]
Gold:   383        SH:  0    Dex: 13    Spells: 7/7 levels left

rFire   . . .      SeeInvis .   a - +0 falchion
rCold   . . .      Faith    .   (no shield)
rNeg    . . .      Spirit   .   m - +0 ring mail
rPois   .          Reflect  .   (no helmet)
rElec   .          Harm     .   (no cloak)
rCorr   .          Rampage  .   n - +0 pair of gloves
Will    ++...                   (no boots)
Stlth   +.........              (no amulet)
HPRegen 1.19/turn               (no ring)
MPRegen 0.11/turn               (no ring)

@: strong-willed (expiring), on berserk cooldown, regenerating (expiring)
A: no striking features
a: Renounce Religion, Berserk, Trog's Hand


You were on level 5 of the Dungeon.
You worshipped Trog.
Trog was pleased with you.
You visited 1 branch of the dungeon, and saw 5 of its levels.

You collected 383 gold pieces.

Inventory:

Hand Weapons
 a - a +0 falchion (weapon)
Armour
 m - a +0 ring mail (worn)
 n - a +0 pair of gloves (worn)
Wands
 p - a wand of flame (7)
Scrolls
 c - a scroll of identify {unknown}
 g - a scroll of immolation {unknown}
 h - a scroll of amnesia {unknown}
 j - a scroll of silence {unknown}
 k - a scroll of enchant armour {unknown}
 o - 2 scrolls of teleportation {unknown}
 r - a scroll of fear {unknown}
Potions
 d - a potion of mutation {unknown}
 e - a potion of lignification {unknown}
 f - a potion of attraction {unknown}
 i - a potion of degeneration {unknown}
 l - a potion of brilliance {unknown}
 q - a potion of berserk rage {unknown}
 s - a potion of curing {unknown}


   Skills:
 - Level 3.0 Fighting
 + Level 9.6 Long Blades
 - Level 2.0 Armour
 - Level 2.0 Dodging


You had 7 spell levels left.
You didn't know any spells.
Your spell library was empty.

Dungeon Overview and Level Annotations

Branches:
Dungeon (5/15)
 Temple: D:4-7

Altars:
Dithmenos

Shops:
D:2 (   D:3 :


Message History

The troll closely misses you. The troll misses you.
The troll barely misses you.
You barely miss the troll. The water moccasin skeleton bites you.
The troll barely misses you. The troll claws you. The troll misses you.
You closely miss the troll. The water moccasin skeleton bites you.
You slash the troll!
The troll is moderately wounded.
The troll bites you! The troll claws you. The troll claws you!
* * * LOW HITPOINT WARNING * * *
You slash the troll!
The troll is heavily wounded.
The water moccasin skeleton bites you.
* * * LOW HITPOINT WARNING * * *
You closely miss the troll.
The troll is heavily wounded.
The troll bites you.
* * * LOW HITPOINT WARNING * * *
The troll claws you but does no damage. The troll claws you!
* * * LOW HITPOINT WARNING * * *
The water moccasin skeleton bites you.
* * * LOW HITPOINT WARNING * * *
You closely miss the troll.
The troll is heavily wounded.
Unknown command.
Unknown command.
You feel a strong urge to attack something.
You feel your anger nearly subside.
You are no longer berserk.
You are exhausted.
You feel yourself slow down.
Your skin crawls.
You feel strong-willed.
Okay, then.
Okay, then.
It was a potion of cancellation.
Your magical effects are unravelling.
You feel magically purged.
You feel yourself speed up.
You feel the effects of Trog's Hand fading.
The water moccasin skeleton misses you. The troll bites you!
You die...

.###......## #.'...
#.#......#####...
#.........# ##..
#.........##..##'
###..........###. #
###......#######..
#.##........#.##..#..
...#....Z.#.........###.
.......@T.....####### ##
.#.#.........## ...
#........##.....
#...####........ #..#
##.....#. .... .....#
..... ....... .....
)...... ..###..


You could see a troll and a water moccasin skeleton.

Vanquished Creatures
  Sigmund (D:3)
  A water moccasin (D:5)
  An ogre (D:5)
  A black bear (D:5)
  A scorpion (D:5)
  A howler monkey (D:5)
  A bullfrog zombie (D:5)
  A centaur zombie (D:5)
  2 hounds (D:5)
  2 bullfrog skeletons (D:5)
  An iguana (D:4)
  Natasha (twice) (D:3)
  A killer bee zombie (D:5)
  5 adders
  A shadow imp (D:5)
  A worm (D:3)
  3 dart slugs
  2 orcs
  4 ball pythons
  3 bats (D:1)
  9 endoplasms
  7 giant cockroaches
  5 goblins
  10 hobgoblins
  5 kobolds
  4 quokkas
  5 frilled lizards (D:1)
  4 rats
84 creatures vanquished.

Vanquished Creatures (others)
  4 toadstools (D:4)
4 creatures vanquished.

Grand Total: 88 creatures vanquished

Notes
Turn   | Place    | Note
-------+----------+-------------------------------------------
     0 | D:1      | Johnny the Human Berserker began the quest for the Orb.
     0 | D:1      | Reached XP level 1. HP: 18/18 MP: 1/1
    36 | D:1      | Reached XP level 2. HP: 6/24 MP: 2/2
   434 | D:1      | Reached skill level 4 in Long Blades
   434 | D:1      | Reached XP level 3. HP: 20/29 MP: 3/3
   631 | D:1      | Reached ** piety under Trog
  1238 | D:2      | Reached XP level 4. HP: 18/35 MP: 4/4
  1623 | D:2      | Reached skill level 5 in Long Blades
  1845 | D:2      | Found Ygaut's Weapon Shop.
  2384 | D:3      | Noticed Natasha
  2394 | D:3      | Killed Natasha
  2395 | D:3      | Reached XP level 5. HP: 30/41 MP: 5/5
  2793 | D:3      | Found Kub Un Vei's Book Emporium.
  2874 | D:3      | Noticed Sigmund
  2887 | D:3      | Killed Sigmund
  2888 | D:3      | Reached skill level 6 in Long Blades
  2888 | D:3      | Reached XP level 6. HP: 37/47 MP: 6/6
  3058 | D:3      | Noticed Natasha
  3070 | D:3      | Killed Natasha
  3112 | D:3      | Found a faded altar of an unknown god.
  3413 | D:4      | Found a shadowy altar of Dithmenos.
  3497 | D:4      | Reached skill level 7 in Long Blades
  4299 | D:5      | Entered Level 5 of the Dungeon
  4316 | D:5      | Reached XP level 7. HP: 51/52 MP: 7/7
  4343 | D:5      | Noticed a water moccasin
  4356 | D:5      | Killed a water moccasin
  4491 | D:5      | Reached skill level 8 in Long Blades
  4741 | D:5      | Reached *** piety under Trog
  4758 | D:5      | Reached XP level 8. HP: 28/58 MP: 8/8
  4771 | D:5      | Reached skill level 9 in Long Blades
  5366 | D:5      | Noticed a troll
  5380 | D:5      | HP: 2/87 [troll (10)]
  5387 | D:5      | Slain by a troll

Illustrated notes

Levels and vault maps discovered:
D:1:      ncdulo_wetmaze, layout_rooms
D:2:      layout_rooms, serial_shops, shop
D:3:      layout_basic, serial_shops, nicolae_shop_crystal,
          hellmonk_ecumenical_altar_zigzags, uniq_natasha, uniq_sigmund
D:4:      layout_cave_pods, lemuel_crystal_altar, minmay_misc_feat_nine_boxes,
          minmay_gold_behind_fungi
D:5:      minmay_bubble_buster, layout_cave_pools, minmay_temple_entry_fiery,
          gup_sewer_entry_glass, lightli_ossuary_entry_decrepit_ruins

Skill      XL: |  1  2  3  4  5  6  7  8 |
---------------+-------------------------+-----
Long Blades    | 4 5 6 7 8 9 |  9.6
Fighting       | |  3.0
Armour         | |  2.0
Dodging        | |  2.0

Action                   |  1- 3 |  4- 6 |  7- 9 || total
-------------------------+-------+-------+-------++-------
Melee: Falchion          |   100 |   164 |   129 ||   393
Invok: Berserk           |     4 |     4 |     3 ||    11
       Trog's Hand       |       |       |     4 ||     4
Evoke: Wand              |       |       |     1 ||     1
  Use: Potion            |       |       |     2 ||     2
Armor: Animal skin       |    24 |     3 |       ||    27
       Ring mail         |       |    38 |    45 ||    83
Dodge: Dodged            |    82 |    84 |    91 ||   257

Table legend: (Time is in decaauts)
 A = Elapsed time spent in this place.
 B = Non-inter-level travel time spent in this place.
 C = Inter-level travel time spent in this place.
 D = Time resting spent in this place.
 E = Time spent auto-exploring this place.
 F = Levels seen in this place.
 G = Mean time per level.
                   A        B        C        D        E       F      G
               +--------+--------+--------+--------+--------+-----+--------+
         Total |   5460 |   5390 |     70 |   1483 |   3094 |   5 | 1092.0 |
       Dungeon |   5460 |   5390 |     70 |   1483 |   3094 |   5 | 1092.0 |
               +--------+--------+--------+--------+--------+-----+--------+

Top non-repeatable levels by time:
     D:1: 1221 daAuts
     D:4: 1124 daAuts
     D:3: 1118 daAuts
     D:5: 1082 daAuts
     D:2: 914 daAuts
